 Dungeon Crawl Stone Soup version 0.24-a0-584-g9d6b971 (webtiles) character file.

Game seed: 10782330742078178117, levelgen mode: deterministic

38 Dorkslayer the Ducker (level 3, -2/26 HPs)
             Began as an Octopode Fighter on Sept 3, 2019.
             Slain by Natasha (4 damage)
             ... on level 2 of the Dungeon on Sept 4, 2019.
             The game lasted 00:04:52 (608 turns).

Dorkslayer the Ducker (Octopode Fighter)             Turns: 608, Time: 00:04:53

Health: -2/26      AC:  1    Str: 16    XL:     3   Next: 43%
Magic:  3/3        EV: 12    Int: 10    God:
Gold:   40         SH:  8    Dex: 11    Spells: 2/2 levels left

rFire    . . .     SeeInvis .   l - -1 dagger (curse)
rCold    . . .     Gourm    .   b - +0 shield
rNeg     . . .     Faith    .   (helmet restricted)
rPois    .         Spirit   .   (no amulet)
rElec    .         Reflect  .   (no ring)
rCorr    .         Harm     .   (no ring)
MR       .....                  (no ring)
Stlth    ++........             (no ring)
HPRegen  0.08/turn              (no ring)
MPRegen  0.08/turn              (no ring)
                                (no ring)
                                (no ring)

@: lethally poisoned (-2 -> -5), hasted, very quick
A: almost no armour, stealthy swim, amphibious, 8 rings, constrict 8, camouflage
1, gelatinous body 1
a: no special abilities


You were on level 2 of the Dungeon.
You were not hungry.

You visited 1 branch of the dungeon, and saw 2 of its levels.

You collected 40 gold pieces.

Inventory:

Hand Weapons
 a - a +0 long sword
 l - a cursed -1 dagger (weapon)
Armour
 b - a +0 shield (worn)
Potions
 c - a potion of might
 g - a potion of degeneration
Comestibles
 d - 3 rations


   Skills:
 * Level 3.4 Fighting
 + Level 2.3 Long Blades
 + Level 3.4 Dodging
 * Level 1.0 Stealth
 + Level 3.2 Shields


You had 2 spell levels left.
You didn't know any spells.
Your spell library was empty.

Dungeon Overview and Level Annotations

Branches:
Dungeon (2/15)

Altars:

Annotations:
D:2 Natasha


Innate Abilities, Weirdness & Mutations

You cannot wear most types of armour.
You are very stealthy in the water. (Stealth+)
You are amphibious.
You can wear up to eight rings at the same time.
You can use your tentacles to constrict eight enemies at once.
Your skin changes colour to match your surroundings (Stealth+).
Your rubbery body absorbs attacks. (AC +1, EV +1)


Message History

a bat corpse; a frilled lizard corpse; an adder corpse Natasha casts a spell.
The crimson imp hits you.
You hit the crimson imp but do no damage.
You grab the crimson imp. You constrict the crimson imp.
You feel sick.
The crimson imp shouts, "Away with thee, thou obnoxious beetle-headed vulture!"
The crimson imp barely misses you.
The crimson imp blinks!
You hit the crimson imp.
The crimson imp is moderately wounded.
You constrict the crimson imp.
The crimson imp blinks free!
The crimson imp blinks!
The crimson imp hits you. Natasha claws you!
* * * LOW HITPOINT WARNING * * *
You hit the crimson imp but do no damage.
Your grab misses the crimson imp.
* * * LOW HITPOINT WARNING * * *
You feel sick. The crimson imp misses you. Natasha barely misses you.
You can't unwield your weapon to draw a new one!
You feel yourself speed up. Natasha claws you.
You die...

#. .....# #.
... .#
....^..#
#.#....
##.#.#.##
....5.. #5h.#
#@# # #.# #
#.##†##.#
#..5....#
####.#### #.#
#.# #
#.##.###
######).....#


You could see Natasha and 3 crimson imps.

Vanquished Creatures
  An adder (D:2)
  A dart slug (D:1)
  A ball python (D:1)
  9 bats
  A giant cockroach (D:1)
  3 hobgoblins (D:1)
  2 frilled lizards
  5 goblins
  3 kobolds (D:1)
  A rat (D:1)
27 creatures vanquished.

Notes
Turn   | Place    | Note
-------+----------+-------------------------------------------
     0 | D:1      | Dorkslayer the Octopode Fighter began the quest for the
                  | Orb.
     0 | D:1      | Reached XP level 1. HP: 16/16 MP: 1/1
   158 | D:1      | Reached XP level 2. HP: 21/21 MP: 2/2
   446 | D:1      | Reached XP level 3. HP: 26/26 MP: 3/3
   595 | D:2      | Noticed Natasha
   599 | D:2      | Reached skill level 1 in Stealth
   608 | D:2      | Slain by Natasha

Levels and vault maps discovered:
D:1:      dpeg_arrival_shelter, layout_basic, chequers_serial_rivers_room_a,
          minmay_tetromino_t4
D:2:      layout_loops_cross, grunt_qazlal_sundering,
          chequers_ecumenical_altar_twisty, uniq_natasha

Skill      XL: |  1  2  3 |
---------------+----------+-----
Stealth        | 1 |  1.0
Fighting       | |  3.4
Long Blades    | |  2.3
Dodging        | |  3.4
Shields        | |  3.2

Action                   || total
-------------------------++-------
Melee: Long sword        ||    26
       Constrict         ||    15
       Tentacles         ||    10
       Dagger            ||    18
  Use: Scroll            ||     5
       Potion            ||     1
 Stab: Sleeping          ||     2
Armor: Skin              ||     6
Dodge: Dodged            ||    30
Block: Shield            ||    20
       Rpst.: Long sword ||     9

Table legend:
 A = Non-vault XP
 B = Vault XP
 C = Vault XP percentage of total XP
 D = Non-vault monster count
 E = Vault monster count
 F = Vault count percentage of total count
                 A         B        C        D         E       F
            +---------+---------+-------+---------+---------+-------
      Total |      52 |       3 |   5.5 |      25 |       2 |   7.4
            +---------+---------+-------+---------+---------+-------
        D:1 |      35 |       3 |   7.9 |      21 |       2 |   8.7
        D:2 |      17 |       0 |   0.0 |       4 |       0 |   0.0
            +---------+---------+-------+---------+---------+-------
